 Dungeon Crawl Stone Soup version 0.17-a0-2108-g65e8068 (webtiles) character file.

4783 Kromin the Severer (level 10, -5/70 HPs)
             Began as a Minotaur Berserker on Oct 19, 2015.
             Was an Elder of Trog.
             Killed from afar by a manticore (11 damage)
             ... with a volley of spikes
             ... on level 8 of the Dungeon.
             The game lasted 00:21:33 (7927 turns).

Kromin the Severer (Minotaur Berserker)             Turns: 7927, Time: 00:21:33

Health: -5/70      AC: 19    Str: 26    XL:     10   Next: 23%
Magic:  8/8        EV: 17    Int:  4    God:    Trog [****..]
Gold:   481        SH:  0    Dex: 13    Spells: 0 memorised, 9 levels left

rFire  . . .     SeeInvis +     a - +0 hand axe
rCold  + . .     Clarity  .     G - +2 chain mail {rC+}
rNeg   . . .     SustAt   .     (no shield)
rPois  .         Gourm    .     (helmet restricted)
rElec  .         Spirit   .     (no cloak)
rCorr  .         Warding  .     H - +0 pair of gloves
rMut   .         Stasis   .     F - +2 pair of boots
MR     .....                    (no amulet)
Stlth  ..........               I - +3 ring of evasion
                                K - ring of see invisible

@: agile, exhausted, manticore barbs, very slightly contaminated, hasted and
slowed, not resistant to hostile enchantments, extremely unstealthy
A: retaliatory headbutt, horns 2, rough black scales 1, frail 1, low mp 1
a: Berserk, Trog's Hand, Brothers in Arms, Burn Spellbooks, Renounce Religion


You were on level 8 of the Dungeon.
You worshipped Trog.
Trog was greatly pleased with you.
You were very hungry.

You visited 1 branch of the dungeon, and saw 8 of its levels.
You also visited: Ossuary.

You collected 516 gold pieces.
You spent 35 gold pieces at shops.

Inventory:

Hand Weapons
 a - a +0 hand axe (weapon)
 g - a -2 dire flail
Armour
 b - a +0 animal skin
 i - a +0 scale mail
 q - a +0 ring mail
 C - a +2 leather armour of fire resistance
 F - a +2 pair of boots (worn)
 G - a +2 chain mail of cold resistance (worn)
 H - a +0 pair of gloves (worn)
Jewellery
 B - an uncursed ring of positive energy
 I - a +3 ring of evasion (right hand)
 K - a ring of see invisible (left hand)
Wands
 D - a wand of lightning (8)
Scrolls
 c - 3 scrolls of remove curse
 d - 8 scrolls of identify
 h - 4 scrolls of teleportation
 j - 4 scrolls of random uselessness {unknown}
 m - 3 scrolls of amnesia {unknown}
 o - 2 scrolls of blinking {unknown}
 r - 4 scrolls of recharging {unknown}
 s - a scroll of fear {unknown}
 w - 3 scrolls of noise {unknown}
 x - 2 scrolls of enchant weapon {unknown}
 y - 2 scrolls of magic mapping {unknown}
 L - 2 scrolls of enchant armour {unknown}
 N - a scroll of immolation {unknown}
Potions
 e - a potion of curing
 k - a potion of agility
 l - a potion of lignification {unknown}
 n - 3 potions of flight {unknown}
 t - 2 potions of resistance {unknown}
 v - a potion of brilliance {unknown}
 z - 4 potions of ambrosia {unknown}
 A - 3 potions of poison {unknown}
Comestibles
 p - 3 meat rations
 E - 2 bread rations
 J - a beef jerky


   Skills:
 - Level 3.7 Fighting
 + Level 16.9 Axes
 - Level 2.4 Armour
 - Level 2.1 Dodging


You had 9 spell levels left.
You didn't know any spells.

Dungeon Overview and Level Annotations

Branches:
Dungeon (8/15)             Temple (0/1) D:7
   Lair: D:8-11

Altars:
Cheibriados
Dithmenos
Fedhas
Gozag
Makhleb
Nemelex Xobeh
Qazlal
Sif Muna
Vehumet
Xom
Zin
The Shining One

Shops:
D:5 *   D:7 (


Innate Abilities, Weirdness & Mutations

You reflexively headbutt those who attack you in melee.
You have a pair of horns on your head.
You are partially covered in rough black scales (AC +4, Dex -1).
You are frail (-10% HP).
Your magical capacity is low (-10% MP).


Message History

Drink which item? (? for menu, Esc to quit)
You feel yourself speed up.
The manticore bites you but does no damage.
The manticore claws you! The manticore misses you.
You are very lightly contaminated with residual magic.
Drink which item? (? for menu, Esc to quit)
You feel agile all of a sudden. The manticore bites you!
* * * LOW HITPOINT WARNING * * *
The manticore closely misses you. x2
The barbed spikes dig painfully into your body as you move.
* * * LOW HITPOINT WARNING * * *
The barbed spikes dig painfully into your body as you move.
* * * LOW HITPOINT WARNING * * *
The barbed spikes dig painfully into your body as you move.
* * * LOW HITPOINT WARNING * * *
The manticore flicks its tail.
The volley of spikes hits you!
The barbed spikes become lodged in your body.
You die...

######## ## ### ### ###
#.......
#8###8###8###8###8#####..♣.♣..
.........lZH.@..'.....'.......
#8###8#'#8###8###8#.####......
# #†### #######'#.♣..PPPP.


.Zl #$##.#♣.♣.P♣♣P. ..... ##.#.♣..PPPP. ....... #?##.####...... .........
+(##....#.....≈ .....⌠..... #% #..8.#...... ............. +(##....#.PPPP. You
could see a manticore, a wyvern and a worker ant zombie.

Vanquished Creatures
  The ghost of Morbidden the Cleaver, a novice MiFi of Ashenzari (D:5)
  Grinder (D:4)
  A wraith (D:8)
  The ghost of comborobin the Chopper, an amateur HOSu (D:4)
  4 hippogriffs
  Menkaure (D:4)
  Edmund (D:4)
  Duvessa (D:4)
  3 sky beasts
  An orc warrior (D:6)
  A necrophage (D:6)
  2 ice beasts
  A black bear (D:8)
  8 centaurs
  An ogre (D:7)
  2 elf zombies (Ossuary)
  Dowan (D:4)
  A big kobold (D:6)
  2 giant frogs
  3 scorpions
  4 hounds
  A giant frog skeleton (D:7)
  4 orc priests
  2 jellies
  A crimson imp (D:5)
  8 worker ants
  A centaur skeleton (D:6)
  Terence (D:3)
  Natasha (thrice) (D:3)
  2 iguanas (D:4)
  5 orc wizards
  A big kobold zombie (Ossuary)
  3 mummies
  A hound skeleton (D:4)
  8 adders
  A shadow imp (D:6)
  An adder zombie (Ossuary)
  4 worms
  4 adder skeletons
  7 giant geckos
  20 orcs
  A giant cockroach (D:1)
  14 goblins
  5 hobgoblins
  9 jackals
  2 ball pythons
  7 bats
  A giant gecko skeleton (D:7)
  4 giant newts
  4 goblin zombies
  9 hobgoblin zombies
  15 kobolds
  8 kobold zombies (Ossuary)
  11 orc zombies (Ossuary)
  2 quokkas
  6 rats
  3 rat zombies (Ossuary)
220 creatures vanquished.

Vanquished Creatures (collateral kills)
  An orc warrior (D:6)
  An orc priest (D:6)
  2 orcs (D:6)
  A jackal (D:6)
5 creatures vanquished.

Grand Total: 225 creatures vanquished

Notes
Turn   | Place    | Note
--------------------------------------------------------------
     0 | D:1      | Kromin the Minotaur Berserker began the quest for the Orb.
     0 | D:1      | Reached XP level 1. HP: 19/19 MP: 0/0
   300 | D:1      | Reached skill level 4 in Axes
   416 | D:1      | Reached XP level 2. HP: 24/27 MP: 1/1
   948 | D:2      | Reached ** piety under Trog
   948 | D:2      | Reached skill level 5 in Axes
   948 | D:2      | Reached XP level 3. HP: 28/33 MP: 2/2
  1240 | D:2      | Found a snail-covered altar of Cheibriados.
  1449 | D:2      | Found a deep blue altar of Sif Muna.
  1478 | D:2      | Reached XP level 4. HP: 37/40 MP: 3/3
  1536 | D:3      | Noticed Natasha
  1542 | D:3      | Reached *** piety under Trog
  1553 | D:3      | Reached skill level 6 in Axes
  1561 | D:3      | Killed Natasha
  1622 | D:3      | Noticed Natasha
  1631 | D:3      | Killed Natasha
  1800 | D:3      | Noticed Natasha
  1803 | D:3      | Killed Natasha
  1855 | D:3      | Reached skill level 7 in Axes
  1855 | D:3      | Reached XP level 5. HP: 37/46 MP: 4/4
  1968 | D:3      | Found a stormy altar of Qazlal.
  1974 | D:3      | Found an opulent altar of Gozag.
  2005 | D:3      | Noticed a centaur
  2012 | D:3      | Killed a centaur
  2255 | D:3      | Noticed Terence
  2265 | D:3      | Killed Terence
  2265 | D:3      | Reached skill level 8 in Axes
  2265 | D:3      | Reached XP level 6. HP: 52/52 MP: 5/5
  2565 | D:4      | Found a sand-covered staircase.
  2576 | Ossuary  | Entered an ossuary
  2829 | Ossuary  | Reached skill level 9 in Axes
  3181 | D:4      | Noticed comborobin's ghost (amateur HOSu)
  3191 | D:4      | Killed comborobin's ghost
  3191 | D:4      | Reached skill level 10 in Axes
  3191 | D:4      | Reached XP level 7. HP: 58/58 MP: 6/6
  3212 | D:4      | Noticed Edmund
  3237 | D:4      | Killed Edmund
  3336 | D:4      | Noticed Grinder
  3355 | D:4      | Killed Grinder
  3355 | D:4      | Reached skill level 11 in Axes
  3717 | D:4      | Noticed Duvessa
  3717 | D:4      | Noticed Dowan
  3725 | D:4      | Killed Duvessa
  3725 | D:4      | Reached XP level 8. HP: 66/66 MP: 7/7
  3727 | D:4      | Killed Dowan
  3749 | D:4      | Reached **** piety under Trog
  3751 | D:4      | Reached skill level 12 in Axes
  3888 | D:4      | Noticed Menkaure
  3902 | D:4      | Killed Menkaure
  4375 | D:4      | Found a glowing silver altar of Zin.
  4451 | D:5      | Entered Level 5 of the Dungeon
  4451 | D:5      | Found Kias's General Store.
  4467 | D:5      | Bought a potion of mutation for 35 gold pieces
  4467 | D:5      | Gained mutation: You are partially covered in rough black scales (AC +4, Dex -1). [potion of mutation]
  4467 | D:5      | Gained mutation: Your magical capacity is low (-10% MP). [potion of mutation]
  4467 | D:5      | Gained mutation: You are frail (-10% HP). [potion of mutation]
  4490 | D:5      | Found a blossoming altar of Fedhas.
  4640 | D:5      | Reached skill level 13 in Axes
  4760 | D:5      | Noticed Morbidden's ghost (novice MiFi)
  4776 | D:5      | Killed Morbidden's ghost
  4776 | D:5      | Reached XP level 9. HP: 63/63 MP: 7/7
  4895 | D:5      | Reached skill level 14 in Axes
  5313 | D:6      | HP: 2/94 [orc warrior/halberd (5)]
  5645 | D:6      | Found a glowing golden altar of the Shining One.
  5646 | D:6      | Found a burning altar of Makhleb.
  5646 | D:6      | Found a shimmering altar of Xom.
  5648 | D:6      | Found a shadowy altar of Dithmenos.
  5848 | D:6      | Found a sparkling altar of Nemelex Xobeh.
  6258 | D:6      | Reached skill level 15 in Axes
  7390 | D:7      | Found a staircase to the Ecumenical Temple.
  7407 | D:7      | Reached skill level 16 in Axes
  7427 | D:7      | Found a radiant altar of Vehumet.
  7501 | D:7      | Found Naasoin's Antique Weapon Shop.
  7721 | D:8      | Reached XP level 10. HP: 70/70 MP: 8/8
  7890 | D:8      | Noticed a manticore
  7927 | D:8      | Killed from afar by a manticore

Vault maps used:
D:1:      dpeg_arrival_triangle_fractal, minmay_crystal_water
D:2:      lemuel_round_altar, cheibriados_altar_1
D:3:      minitemple, solitary_fountain, uniq_natasha, uniq_terence
D:4:      zin_statuary, nicolae_ossuary_entry_giza, minmay_box_of_dots,
          uniq_edmund, uniq_grinder, uniq_duvessa, uniq_menkaure
D:5:      serial_shops, nicolae_shop_temple_entry_statues_fountains,
          first_bread, fedhas_bush_and_centaur_altar
D:6:      nemelex_deck, grunt_temple_overflow_open,
          hangedman_abyss_or_decor_stabs
D:7:      kennysheep_mini, minmay_temple_entry_trees, serial_shops,
          shop_fountains
D:8:      wad_statue_garden
Ossuary:  ossuary_tomb_1

Action                   |  1- 3 |  4- 6 |  7- 9 | 10-12 || total
-------------------------+-------+-------+-------+-------++-------
Melee: Hand axe          |    92 |   159 |   346 |    51 ||   648
Invok: Berserk           |       |     5 |     7 |     1 ||    13
       Burn Spellbooks   |       |       |     1 |       ||     1
       Brothers in Arms  |       |       |     2 |     1 ||     3
  Use: Potion            |       |       |     5 |     3 ||     8
       Scroll            |       |       |     3 |       ||     3
  Eat: Chunk             |     1 |       |     3 |     1 ||     5
       Bread ration      |     1 |       |     1 |       ||     2
       Meat ration       |       |     2 |     2 |       ||     4
       Pizza             |       |       |     1 |       ||     1
